 Dungeon Crawl Stone Soup version 0.31-a0-188-g5e087ee2ca (webtiles) character file.

Game seed: 14917684908088660484

9016 qw the Markself (level 11, -6/64 HPs)
             Began as a Deep Elf Hunter on June 23, 2023.
             Was a Believer of Okawaru.
             Mangled by an eight-headed hydra (9 damage)
             ... on level 9 of the Dungeon.
             The game lasted 00:03:17 (8289 turns).

qw the Markself (Deep Elf Hunter)                   Turns: 8289, Time: 00:03:18

Health: -6/64      AC: 13    Str: 12    XL:     11   Next: 17%
Magic:  15/16      EV: 25    Int: 15    God:    Okawaru [**....]
Gold:   524        SH:  0    Dex: 24    Spells: 10/10 levels left

rFire   . . .        Y - +1 orcbow (flame)
rCold   . . .        (shield currently unavailable)
rNeg    . . .        e - +3 leather armour
rPois   .            k - +2 helmet
rElec   .            p - +0 cloak
rCorr   .            j - +0 pair of gloves
SInv    .            (no boots)
Will    +....        (no amulet)
Stlth   ++++         i - +6 ring of dexterity
HPRegen 0.30/turn    (no ring)
MPRegen 0.15/turn

%: no passive effects
@: about to teleport, heroic
A: no striking features
a: Renounce Religion, Heroism


You were on level 9 of the Dungeon.
You worshipped Okawaru.
Okawaru was pleased with you.
You visited 1 branch of the dungeon, and saw 9 of its levels.

You collected 524 gold pieces.


   Skills:
 - Level 6.1(11.1) Fighting
 - Level 16.0(21.0) Ranged Weapons
 - Level 4.2(9.2) Armour
 + Level 10.4(15.4) Dodging
 - Level 1.2(6.2) Stealth
 - Level 4.0 Invocations


You had 10 spell levels left.
You didn't know any spells.
Your spell library was empty.

Inventory:

Hand Weapons
 Y - a +1 orcbow of flaming (weapon)
Armour
 b - a +0 pair of boots
 e - a +3 leather armour (worn)
 j - a +0 pair of gloves (worn)
 k - a +2 helmet (worn)
 p - a +0 cloak (worn)
 s - a +0 troll leather armour
Jewellery
 i - a +6 ring of dexterity (left hand)
 r - a +4 ring of protection
Wands
 q - a wand of digging (6)
Scrolls
 g - a scroll of teleportation
 m - 2 scrolls of identify
Potions
 a - 2 potions of mutation
 c - a potion of resistance
 d - a potion of cancellation
 f - 8 potions of curing
 h - a potion of might {unknown}
 l - a potion of enlightenment {unknown}
 n - a potion of invisibility {unknown}
 o - a potion of degeneration {unknown}

Dungeon Overview and Level Annotations

Branches:
Dungeon (9/15)             Temple (0/1) D:7
   Lair: D:8-11         Orc: D:9-12

Altars:
Ashenzari
Cheibriados
Gozag
Okawaru


Message History

The arrow burns the eight-headed hydra.
The eight-headed hydra is lightly wounded.
You shoot an arrow. The arrow hits the meliai!!
The arrow burns the meliai.
The meliai is almost dead.
You shoot an arrow. The arrow misses the meliai.
The meliai invokes the aid of its god against you.
Something smites you! The meliai closely misses you. The meliai stings you.
You shoot an arrow. The arrow barely misses the meliai.
The meliai misses you. The meliai stings you!
You shoot an arrow. The arrow barely misses the meliai.
The arrow hits the eight-headed hydra.
The arrow burns the eight-headed hydra.
The eight-headed hydra is lightly wounded.
The meliai hits you with a +0 hand axe!
The meliai stings you but does no damage.
The meliai completely misses you. The meliai misses you.
You shoot an arrow. The arrow hits the meliai!
The arrow burns the meliai.
You kill the meliai!
Okawaru accepts your kill.
You shoot an arrow. The arrow hits the eight-headed hydra!
The arrow burns the eight-headed hydra.
The eight-headed hydra is heavily wounded.
The eight-headed hydra misses you. The eight-headed hydra bites you!
The eight-headed hydra closely misses you. x2
The eight-headed hydra misses you.
The eight-headed hydra completely misses you.
The eight-headed hydra bites you.
The eight-headed hydra closely misses you.
You shoot an arrow.
The arrow barely misses the eight-headed hydra.
The eight-headed hydra bites you but does no damage.
The eight-headed hydra bites you! The eight-headed hydra bites you.
The eight-headed hydra bites you but does no damage.
The eight-headed hydra bites you.
The eight-headed hydra bites you but does no damage.
The eight-headed hydra barely misses you. x2
8289 ||| READING 2 scrolls of teleportation.
As you read the scroll of teleportation, it crumbles to dust.
You feel strangely unstable. The eight-headed hydra bites you!
You die...

.......#......#.##..#.#.#######)#
....#.###......## ##.##)##..###.)
....#.# #####.## #.#..##.##..#.#
....#.# #.# #.#####.####..#
......# #.##. ##..##.####.###
####.... #..##.####..###..##
....######..##..######.### .
.............###.# ##.##
......###..@#.##.##.## ..
###D##.##.#.# #...#.#YO.#
#.#.##o##u# #.##.##Y#D##
..###.####l## .## .# ##.#####. #
#. ##y....# #. ###.###


You could see an eight-headed hydra.

Vanquished Creatures
  2 two-headed ogres (D:9)
  Pikel (D:5)
  2 trolls (D:9)
  A meliai (D:9)
  Grinder (D:5)
  2 hornets (D:9)
  7 wyverns
  9 yaks
  A steam dragon (D:6)
  2 water moccasins (D:5)
  An ice beast (D:7)
  3 orc warriors
  A black bear (D:6)
  2 sky beasts
  3 ogres
  3 lemures (D:5)
  5 centaurs
  A phantom (D:6)
  Blork the orc (D:4)
  5 bullfrogs
  A gnoll sergeant (D:9)
  7 scorpions
  4 wights (D:8)
  4 killer bees (D:9)
  4 howler monkeys (D:9)
  A jelly (D:6)
  3 hounds
  2 gnoll boudas
  5 orc priests
  A sleepcap (D:7)
  Jessica (D:2)
  2 iguanas
  5 orc wizards
  Robin (D:4)
  6 gnolls
  7 adders
  4 white imps
  3 ufetubi
  A worm (D:3)
  2 dart slugs
  16 orcs
  3 endoplasms (D:1)
  A giant cockroach (D:1)
  9 hobgoblins
  5 jackals
  3 quokkas
  8 ball pythons
  3 bats (D:1)
  2 frilled lizards
  14 goblins
  8 kobolds
  5 rats
194 creatures vanquished.

Notes
Turn   | Place    | Note
-------+----------+-------------------------------------------
     0 | D:1      | qw the Deep Elf Hunter began the quest for the Orb.
     0 | D:1      | Reached XP level 1. HP: 12/12 MP: 3/3
     0 | D:1      | 0 ||| qw: Version: 0.3-a-9-g12657ce
     0 | D:1      | 0 ||| qw: Game counter: 4316
     0 | D:1      | 0 ||| qw: Always use a shield: true
     0 | D:1      | 0 ||| qw: God list: Okawaru
     0 | D:1      | 0 ||| qw: Allow faded altars: false
     0 | D:1      | 0 ||| qw: Do Orc after D:15 true
     0 | D:1      | 0 ||| qw: Do second Lair branch before Depths: true
     0 | D:1      | 0 ||| qw: Lair rune preference: random
     0 | D:1      | 0 ||| qw: Plans: Normal
     0 | D:1      | 0 ||| PLANNING D:1-11
   213 | D:1      | Reached skill level 6 in Ranged Weapons
   213 | D:1      | Reached XP level 2. HP: 14/16 MP: 4/4
   216 | D:1      | 216 ||| FLEEEEING.
   391 | D:1      | Reached XP level 3. HP: 7/20 MP: 5/5
   510 | D:1      | Reached skill level 7 in Ranged Weapons
   773 | D:1      | 773 ||| UPGRADING to +3 leather armour.
   783 | D:1      | 783 ||| DROPPING +0 leather armour.
   784 | D:1      | 784 ||| READING scroll labelled YCOTOA ESHRAUK.
   785 | D:1      | 785 ||| READING scroll labelled WYMIUK EBLEY.
   786 | D:1      | 786 ||| DROPPING scroll of butterflies.
  1158 | D:2      | Noticed Jessica
  1163 | D:2      | Killed Jessica
  1164 | D:2      | Reached XP level 4. HP: 23/25 MP: 6/6
  1400 | D:2      | 1400 ||| READING 2 scrolls labelled VIECLE HIYMM.
  1401 | D:2      | 1401 ||| READING scroll labelled MAASAI ZOERO.
  1502 | D:2      | 1502 ||| READING scroll labelled ALAD YNOEMUI.
  1506 | D:2      | 1506 ||| READING 3 scrolls labelled ZIESTA HAUT LEOL.
  1507 | D:2      | 1507 ||| DRINKING 3 yellow potions.
  1508 | D:2      | 1508 ||| DROPPING scroll of noise.
  1509 | D:2      | 1509 ||| DROPPING 2 scrolls of revelation.
  1600 | D:3      | Noticed a scorpion
  1606 | D:3      | Killed a scorpion
  1607 | D:3      | Reached skill level 8 in Ranged Weapons
  1607 | D:3      | Reached XP level 5. HP: 29/29 MP: 7/7
  1924 | D:3      | 1924 ||| Stepping ~*~*~tactically~*~*~ (outnumbered).
  2108 | D:3      | Identified the +5 halberd of Fedhas, Writhing {protect, Fly
                  | rC+ rN+}
  2128 | D:3      | Reached skill level 9 in Ranged Weapons
  2266 | D:3      | 2266 ||| READING scroll labelled ACHIT JEHUSH.
  2267 | D:3      | 2267 ||| DRINKING 2 fuming sapphire potions.
  2372 | D:3      | 2372 ||| DROPPING potion of berserk rage.
  2426 | D:4      | Found a snail-covered altar of Cheibriados.
  2441 | D:4      | Reached skill level 3 in Dodging
  2482 | D:4      | 2482 ||| READING scroll of enchant weapon.
  2482 | D:4      | 2482 ||| ENCHANTING +1 shortbow.
  2660 | D:4      | Reached XP level 6. HP: 34/34 MP: 8/8
  2705 | D:4      | Noticed Robin
  2716 | D:4      | Killed Robin
  2908 | D:4      | Noticed Blork the orc
  2917 | D:4      | 2917 ||| DROPPING scarf of harm.
  2918 | D:4      | HP: 9/36 [Blork the orc/magic dart (7)]
  2919 | D:4      | 2919 ||| READING 5 scrolls of teleportation.
  2921 | D:4      | HP: 3/36 [Blork the orc/magic dart (6)]
  3082 | D:4      | Killed Blork the orc
  3338 | D:4      | 3338 ||| UPGRADING to +0 pair of gloves.
  3343 | D:4      | 3343 ||| UPGRADING to +2 helmet.
  3348 | D:4      | 3348 ||| READING scroll labelled NEHUXI CO MUU.
  3398 | D:5      | Entered Level 5 of the Dungeon
  3479 | D:5      | Reached skill level 10 in Ranged Weapons
  3490 | D:5      | 3490 ||| SWAPPING to +0 orcbow of electrocution.
  3491 | D:5      | 3491 ||| DROPPING +2 shortbow.
  3498 | D:5      | Reached XP level 7. HP: 40/40 MP: 9/9
  3742 | D:5      | Noticed Grinder
  3753 | D:5      | Paralysed by Grinder for 2 turns
  3759 | D:5      | Killed Grinder
  3760 | D:5      | Reached skill level 11 in Ranged Weapons
  3771 | D:5      | 3771 ||| FLEEEEING.
  3840 | D:5      | Reached skill level 12 in Ranged Weapons
  3840 | D:5      | Reached XP level 8. HP: 22/45 MP: 10/10
  3842 | D:5      | 3842 ||| FLEEEEING.
  3843 | D:5      | 3843 ||| FLEEEEING.
  3844 | D:5      | 3844 ||| FLEEEEING.
  3845 | D:5      | 3845 ||| FLEEEEING.
  3846 | D:5      | 3846 ||| FLEEEEING.
  3851 | D:5      | Reached skill level 3 in Fighting
  4054 | D:5      | Noticed Pikel
  4074 | D:5      | Killed Pikel
  4428 | D:5      | 4428 ||| UPGRADING to +6 ring of dexterity.
  4429 | D:5      | 4429 ||| READING 2 scrolls labelled LEAQUO ROGEUDGH.
  4430 | D:5      | 4430 ||| READING scroll labelled HEDECAZUUCH.
  4431 | D:5      | 4431 ||| DROPPING scroll of amnesia.
  4433 | D:5      | 4433 ||| Stepping ~*~*~tactically~*~*~ (cloud).
  4771 | D:6      | Reached skill level 6 in Dodging
  4778 | D:6      | Reached XP level 9. HP: 51/51 MP: 11/11
  4854 | D:6      | Reached skill level 13 in Ranged Weapons
  4870 | D:6      | Reached skill level 14 in Ranged Weapons
  5044 | D:6      | 5044 ||| READING scroll of enchant weapon.
  5044 | D:6      | 5044 ||| ENCHANTING +0 orcbow of electrocution.
  5266 | D:6      | 5266 ||| READING 2 scrolls of identify.
  5266 | D:6      | 5266 ||| IDENTIFYING emerald potion
  5267 | D:6      | 5267 ||| DROPPING potion of lignification.
  5355 | D:7      | Found an iron altar of Okawaru.
  5356 | D:7      | 5356 ||| PLANNING OKAWARU WORSHIP
  5359 | D:7      | Became a worshipper of Warmaster Okawaru
  5360 | D:7      | 5360 ||| PLANNING D:1-11
  5434 | D:7      | Found a staircase to the Ecumenical Temple.
  5497 | D:7      | Found the +5 woodcutter's axe
  5635 | D:7      | Reached skill level 15 in Ranged Weapons
  5770 | D:7      | Reached * piety under Okawaru
  5781 | D:7      | 5781 ||| INVOKING Heroism.
  5798 | D:7      | Reached XP level 10. HP: 46/56 MP: 10/12
  5896 | D:7      | Reached skill level 1 in Invocations
  6206 | D:7      | 6206 ||| UPGRADING to +0 cloak.
  6211 | D:7      | 6211 ||| READING scroll labelled KIVIFE WAQIUPN.
  6212 | D:7      | 6212 ||| DRINKING 2 green potions.
  6213 | D:7      | 6213 ||| READING 4 scrolls of identify.
  6213 | D:7      | 6213 ||| IDENTIFYING fizzy yellow potion
  6214 | D:7      | 6214 ||| READING 3 scrolls of identify.
  6214 | D:7      | 6214 ||| IDENTIFYING murky pink potion
  6215 | D:7      | 6215 ||| READING 2 scrolls of identify.
  6215 | D:7      | 6215 ||| IDENTIFYING purple potion
  6468 | D:8      | 6468 ||| Stepping ~*~*~tactically~*~*~ (outnumbered).
  6470 | D:8      | 6470 ||| Stepping ~*~*~tactically~*~*~ (outnumbered).
  6489 | D:8      | Found a broken altar of Ashenzari.
  6585 | D:8      | Found an opulent altar of Gozag.
  6979 | D:8      | 6979 ||| READING scroll labelled TIBYPNAZEU.
  7072 | D:9      | 7072 ||| Stepping ~*~*~tactically~*~*~ (outnumbered).
  7074 | D:9      | 7074 ||| Stepping ~*~*~tactically~*~*~ (outnumbered).
  7076 | D:9      | 7076 ||| Stepping ~*~*~tactically~*~*~ (outnumbered).
  7095 | D:9      | Reached skill level 3 in Invocations
  7142 | D:9      | 7142 ||| INVOKING Heroism.
  7156 | D:9      | Reached skill level 16 in Ranged Weapons
  7294 | D:9      | 7294 ||| INVOKING Heroism.
  7429 | D:9      | Reached ** piety under Okawaru
  7501 | D:9      | Paralysed by a hornet for 2 turns
  7504 | D:9      | 7504 ||| INVOKING Heroism.
  7505 | D:9      | HP: 13/56 [bullfrog (4)]
  7506 | D:9      | 7506 ||| READING 5 scrolls of teleportation.
  7507 | D:9      | 7507 ||| DRINKING potion of heal wounds.
  7653 | D:9      | 7653 ||| INVOKING Heroism.
  7658 | D:9      | Reached skill level 9 in Dodging
  7791 | D:9      | Noticed a two-headed ogre
  7792 | D:9      | 7792 ||| INVOKING Heroism.
  7796 | D:9      | Noticed a two-headed ogre
  7799 | D:9      | Killed a two-headed ogre
  7809 | D:9      | Killed a two-headed ogre
  7810 | D:9      | Reached XP level 11. HP: 34/64 MP: 14/16
  7820 | D:9      | 7820 ||| INVOKING Heroism.
  7838 | D:9      | Reached skill level 6 in Fighting
  7947 | D:9      | Reached *** piety under Okawaru
  7948 | D:9      | Noticed a red ugly thing
  7949 | D:9      | 7949 ||| FLEEEEING.
  7950 | D:9      | Noticed a two-headed ogre
  7951 | D:9      | 7951 ||| INVOKING Heroism.
  7957 | D:9      | Noticed an eight-headed hydra
  7961 | D:9      | HP: 7/64 [two-headed ogre/+0 giant club (18)]
  7961 | D:9      | HP: 3/64 [two-headed ogre/+0 giant club (4)]
  7962 | D:9      | 7962 ||| READING 4 scrolls of teleportation.
  7963 | D:9      | 7963 ||| Stepping ~*~*~tactically~*~*~ (outnumbered).
  7975 | D:9      | 7975 ||| READING 3 scrolls of teleportation.
  7976 | D:9      | 7976 ||| INVOKING Heroism.
  7976 | D:9      | HP: 6/64 [water moccasin (1)]
  8278 | D:9      | Noticed an eight-headed hydra
  8279 | D:9      | 8279 ||| INVOKING Heroism.
  8288 | D:9      | HP: 10/64 [eight-headed hydra (11)]
  8288 | D:9      | HP: 4/64 [eight-headed hydra (6)]
  8289 | D:9      | 8289 ||| READING 2 scrolls of teleportation.
  8289 | D:9      | Mangled by an eight-headed hydra

Levels and vault maps discovered:
D:1:      evilmike_arrival_home_sweet_home, layout_basic
D:2:      layout_loops_ring, uniq_jessica
D:3:      layout_basic, corexii_item_surrounded_by_moat
D:4:      layout_cave_pods, mainiacjoe_overflow_small_starburst, uniq_robin,
          uniq_blork_the_orc
D:5:      layout_basic, small_statue_intersection, nrook_loot_triangle,
          minmay_quadrilaterals, uniq_grinder, uniq_crazy_yiuf_cottage,
          uniq_pikel
D:6:      layout_basic
D:7:      layout_layer_cave, mainiacjoe_overflow_24_doors,
          minmay_temple_entry_glass, amcnicky_mini_pool_medium
D:8:      layout_loops_ring, evilmike_ruin_ashenzari,
          lemuel_coloured_pillars_altar
D:9:      minmay_the_grid_octo_tiled_octocenter
          [minmay_the_grid_octo_fan_narrow, minmay_the_grid_octo_checkered,
          minmay_the_grid_octo_horde, minmay_the_grid_octo_clover,
          minmay_the_grid_octo_prize_single_spiral,
          minmay_the_grid_square_5x5_n_small,
          minmay_the_grid_square_5x5_almost_minimal,
          minmay_the_grid_square_5x5_sharp_hourglass,
          minmay_the_grid_square_5x5_seven], layout_basic

Skill      XL: |  1  2  3  4  5  6  7  8  9 10 11 |
---------------+----------------------------------+-----
Ranged Weapons | 6 7 8 9 10 12 15 16 | 16.0
Dodging        | 3 4 6 7 10 | 10.4
Fighting       | 2 3 4 5 6 |  6.1
Armour         | 4 |  4.2
Invocations    | 4 |  4.0
Stealth        | |  1.2

Action                     |  1- 3 |  4- 6 |  7- 9 | 10-12 || total
---------------------------+-------+-------+-------+-------++-------
   Fire: Shortbow          |   114 |   150 |       |       ||   264
         Orcbow            |       |     1 |   224 |   209 ||   434
 Invoke: Heroism           |       |       |     1 |     9 ||    10
    Use: Scroll            |     2 |     8 |     4 |     9 ||    23
         Potion            |       |     2 |       |     2 ||     4
 Armour: Leather armour    |     9 |    18 |    32 |    23 ||    82
  Dodge: Dodged            |    29 |    42 |    45 |   109 ||   225

Table legend:
 A = Non-vault XP
 B = Vault XP
 C = Vault XP percentage of total XP
 D = Non-vault monster count
 E = Vault monster count
 F = Vault count percentage of total count
                 A         B        C        D         E       F
            +---------+---------+-------+---------+---------+-------
      Total |    5921 |    6959 |  54.0 |     141 |      50 |  26.2
            +---------+---------+-------+---------+---------+-------
        D:1 |      80 |       0 |   0.0 |      31 |       0 |   0.0
        D:2 |       9 |      37 |  80.4 |       6 |       1 |  14.3
        D:3 |     160 |       0 |   0.0 |      19 |       0 |   0.0
        D:4 |     227 |     136 |  37.5 |       8 |      13 |  61.9
        D:5 |     298 |    1450 |  83.0 |       5 |       7 |  58.3
        D:6 |    2010 |       0 |   0.0 |      27 |       0 |   0.0
        D:7 |    1000 |     262 |  20.8 |      21 |       4 |  16.0
        D:8 |     574 |       0 |   0.0 |       8 |       0 |   0.0
        D:9 |    1563 |    5074 |  76.5 |      16 |      25 |  61.0
            +---------+---------+-------+---------+---------+-------
